 Dungeon Crawl Stone Soup version 0.29-a0-617-g7a6b98fccd (webtiles) character file.

Game seed: 6250790592450814663

63 dolemite99 the Insei (level 4, 0/32 HPs)
             Began as a Djinni Transmuter on June 18, 2022.
             Slain by an orc
             ... wielding a +0 club
              (4 damage)
             ... on level 3 of the Dungeon.
             The game lasted 00:03:13 (4576 turns).

dolemite99 the Insei (Djinni Transmuter)            Turns: 4576, Time: 00:03:13

Health: 0/32       AC:  2    Str: 11    XL:     4   Next: 31%
Gold:   123        EV: 12    Int: 14    God:
                   SH:  0    Dex: 14

rFire   + + .      SeeInvis .     - Unarmed
rCold   x . .      Faith    .   (no shield)
rNeg    . . .      Spirit   .   a - +0 robe
rPois   ∞          Reflect  .   (helmet currently unavailable)
rElec   .          Harm     .   (no cloak)
rCorr   .          Rampage  .   (no gloves)
Will    .....                   (boots unavailable)
Stlth   +.........              (no amulet)
HPRegen 0.10/turn               (no ring)
MPRegen 0.00/turn               (no ring)

@: brilliant, appendages, flying
A: horns 2, flying, sickness immunity, fire resistance 2, cold vulnerability 1,
float, innate caster, HP casting, extra vitality 1
a: End Transformation


You were on level 3 of the Dungeon.
You had temporarily grown beastly horns.
You visited 1 branch of the dungeon, and saw 4 of its levels.

You collected 123 gold pieces.

Inventory:

Hand Weapons
 b - a +2 mace of protection
Armour
 a - a +0 robe (worn)
 k - a +0 plate armour
Jewellery
 g - a +4 ring of protection
 i - a ring of fire
Scrolls
 c - a scroll of immolation
 d - a scroll of magic mapping {unknown}
 j - 3 scrolls of identify {@r1}
 n - a scroll of teleportation {unknown}
 o - a scroll of noise {unknown}
Potions
 e - a potion of cancellation {unknown}
 f - a potion of berserk rage {unknown}
 h - a potion of mutation {unknown}
 l - a potion of ambrosia {unknown}
 m - a potion of brilliance


   Skills:
 - Level 1.0 Fighting
 - Level 2.1 Dodging
 + Level 4.0 Unarmed Combat
 - Level 2.5 Spellcasting


You couldn't memorise any spells.
You knew the following spells:

 Your Spells              Type           Power      Damage    Failure   Level
a - Beastly Appendage     Tmut           26%        N/A       9%          1
b - Wereblood             Tmut           13%        N/A       12%         2
c - Spider Form           Tmut/Pois      13%        N/A       24%         3
d - Ice Form              Ice/Tmut       13%        N/A       63%         4
e - Necrotize             Necr           52%        1d6       9%          1
Your spell library was empty.

Dungeon Overview and Level Annotations

Branches:
Dungeon (4/15)
 Temple: D:4-7

Altars:

Annotations:
D:2 Sigmund


Innate Abilities, Weirdness & Mutations

You have temporarily grown beastly horns.
You are flying.
You are immune to sickness and miasma.
You are immune to poison.
Your flesh is very heat resistant. (rF++)
You are vulnerable to cold. (rC-)
You float through the air rather than walking.
You learn spells naturally, not from books.
Your magical power is your life essence.
You have superior vitality. (+4 MHP)


Message History

Unknown command.
A hobgoblin comes into view.
You start waiting.
An orc priest is nearby!
The hobgoblin shouts!
Casting: Beastly Appendage (safe; 9% risk of failure)
Confirm with . or Enter, or press ? or * to list all spells.
You grow a pair of large bovine horns.
The orc priest shouts!
You hear a shout!
The orc priest barely misses you.
You hit the orc priest.
The orc priest is moderately wounded.
The orc priest calls down the wrath of Beogh upon you.
Pain shoots through your body! The orc hits you but does no damage.
You hit the orc priest but do no damage.
The orc priest is moderately wounded.
The orc priest hits you but does no damage.
The orc barely misses you.
You barely miss the orc priest.
The orc priest is moderately wounded.
The orc priest barely misses you. The orc hits you but does no damage.
The orc barely misses you.
You closely miss the orc priest.
The orc priest is moderately wounded.
You hit the orc priest. Your headbutt misses the orc priest.
The orc priest is heavily wounded.
The orc hits you with a +0 club.
The orc priest invokes the aid of Beogh against you.
Pain shoots through your body! The orc barely misses you.
You hit the orc priest.
The orc priest is almost dead.
The orc priest hits you with a +0 falchion!
* * * LOW HITPOINT WARNING * * *
The orc hits you with a +0 club.
* * * LOW HITPOINT WARNING * * *
The orc barely misses you.
It was a potion of brilliance.
You feel clever all of a sudden. The orc priest closely misses you.
The orc hits you with a +0 club.
You die...

#.# #.# #o #.#
#. #)# #o #.#
#o #.# ###o #.#
##### >.. #.#
#...
#.##@######.#
#..ooog.†...##
#...o........##
####.####.###.#
#.....##
##.g..g..
#####. .g.....
#. .###### ##
##


You could see an orc priest, 3 orcs and a hobgoblin.

Vanquished Creatures
  An adder (D:3)
  2 worms
  2 orcs (D:3)
  4 ball pythons
  4 bats
  An endoplasm (D:1)
  A giant cockroach (D:1)
  10 goblins
  A hobgoblin (D:3)
  5 jackals (D:2)
  4 quokkas
  3 frilled lizards
  2 kobolds
  A rat (D:1)
41 creatures vanquished.

Vanquished Creatures (others)
  A goblin (D:2)
1 creature vanquished.

Grand Total: 42 creatures vanquished

Notes
Turn   | Place    | Note
-------+----------+-------------------------------------------
     0 | D:1      | dolemite99 the Djinni Transmuter began the quest for the
                  | Orb.
     0 | D:1      | dolemite99 set off with the following spells memorised:
                  | Beastly Appendage, Wereblood, Spider Form, Ice Form.
     0 | D:1      | Reached XP level 1. HP: 17/17 MP: 0/0
   270 | D:1      | Reached XP level 2. HP: 7/22 MP: 0/0
  2224 | D:2      | Noticed Sigmund
  2675 | D:2      | Reached XP level 3. HP: 21/27 MP: 0/0
  2675 | D:2      | Learned a level 1 spell: Necrotize
  3716 | D:3      | Reached XP level 4. HP: 29/32 MP: 0/0
  4347 | D:3      | Reached skill level 4 in Unarmed Combat
  4576 | D:3      | Slain by an orc

Illustrated notes

Levels and vault maps discovered:
D:1:      dpeg_arrival_chambers_temple_mockup, layout_basic, nicolae_wormholes
D:2:      layout_rooms, minmay_hexomino_f4, uniq_sigmund
D:3:      layout_loops_ring, st_stairs_8, item_on_display_a
D:4:      layout_gridville, nicolae_sif_muna_condensation, uniq_pikel

Skill      XL: |  1  2  3  4 |
---------------+-------------+-----
Spellcasting   | 2 |  2.5
Unarmed Combat | 4 |  4.0
Fighting       | |  1.0
Dodging        | |  2.1

Action                   |  1- 3 |  4- 6 || total
-------------------------+-------+-------++-------
Melee: Unarmed           |    97 |    39 ||   136
       Headbutt          |    13 |     4 ||    17
       Punch             |     4 |     1 ||     5
 Cast: Beastly Appendage |    21 |     9 ||    30
  Use: Scroll            |     4 |       ||     4
       Potion            |     1 |     1 ||     2
 Stab: Sleeping          |     1 |       ||     1
Armor: Robe              |    15 |    11 ||    26
       Skin              |    12 |       ||    12
Dodge: Dodged            |    78 |    32 ||   110

Table legend: (Time is in decaauts)
 A = Elapsed time spent in this place.
 B = Non-inter-level travel time spent in this place.
 C = Inter-level travel time spent in this place.
 D = Time resting spent in this place.
 E = Time spent auto-exploring this place.
 F = Levels seen in this place.
 G = Mean time per level.
                   A        B        C        D        E       F      G
               +--------+--------+--------+--------+--------+-----+--------+
         Total |   4569 |   4516 |     53 |   2952 |    972 |   4 | 1142.2 |
       Dungeon |   4569 |   4516 |     53 |   2952 |    972 |   4 | 1142.2 |
               +--------+--------+--------+--------+--------+-----+--------+

Top non-repeatable levels by time:
     D:1: 2267 daAuts
     D:2: 1273 daAuts
     D:3: 1024 daAuts
     D:4: 4 daAuts
